 Dungeon Crawl Stone Soup version 0.20.1-1-g8b1a95d (webtiles) character file.

31752 homeworkjunkie the Severer (level 13, -10/118 HPs)
             Began as a Hill Orc Fighter on Dec 20, 2017.
             Was the Champion of Okawaru.
             Mangled by an azure jelly (15 damage)
             ... on level 5 of the Lair of Beasts.
             The game lasted 00:30:03 (14823 turns).

homeworkjunkie the Severer (Hill Orc Fighter)      Turns: 14823, Time: 00:30:04

Health: -10/118    AC: 16    Str: 28    XL:     13   Next: 60%
Magic:  18/18      EV: 11    Int:  8    God:    Okawaru [******]
Gold:   915        SH:  5    Dex: 12    Spells: 12/12 levels left

rFire    + . .     SeeInvis .   i - +5 executioner's axe (flame)
rCold    . . .     Gourm    .   (shield currently unavailable)
rNeg     + + +     Faith    .   y - +3 scale mail of Hopscotch {rPois rC+ rN+++}
rPois    +         Spirit   .   l - +2 hat
rElec    +         Reflect  +   C - scarf {repulsion}
rCorr    .         Harm     .   (no gloves)
MR       +....                  A - +1 pair of boots
Stlth    +.........             K - +5 amulet of reflection
Regen    0.3/turn               M - +6 ring of strength
MPRegen  0.2/turn               E - ring of fire

@: repel missiles
A: magic resistance 1, electricity resistance
a: Heroism, Finesse, Renounce Religion


You were on level 5 of the Lair of Beasts.
You worshipped Okawaru.
Okawaru was exalted by your worship.
You were full.

You visited 3 branches of the dungeon, and saw 17 of its levels.
You also visited: Ossuary.

You collected 915 gold pieces.

Inventory:

Hand Weapons
 i - a +5 executioner's axe of flaming (weapon)
 p - the +4 broad axe of Internal Strife {chop, +Inv rC+ Int+4}
   (Okawaru gifted it to you on level 1 of the Lair of Beasts)

   It inflicts extra damage upon your enemies.
   It affects your intelligence (+4).
   It protects you from cold.
   It lets you turn invisible.
 D - the +3 war axe "Luahudd" {speed, Int+3 Dex+4}
   (Okawaru gifted it to you on level 4 of the Lair of Beasts)

   Attacks with this weapon are significantly faster.
   It affects your intelligence (+3).
   It affects your dexterity (+4).
Armour
 l - a +2 hat (worn)
 y - the +3 scale mail of Hopscotch (worn) {rPois rC+ rN+++}
   (Okawaru gifted it to you on level 9 of the Dungeon)

   It protects you from cold.
   It protects you from poison.
   It renders you almost immune to negative energy.
 A - a +1 pair of boots (worn)
 C - a scarf of repulsion (worn)
 J - a scarf of cloud immunity
Jewellery
 e - an uncursed amulet of guardian spirit
 w - an uncursed ring of ice
 E - a ring of fire (right hand)
 H - an uncursed ring of protection from cold
 K - a +5 amulet of reflection (around neck)
 M - a +6 ring of strength (left hand)
Wands
 b - a wand of flame (27/48)
 g - a wand of disintegration (8/24)
 m - a wand of confusion (25/48)
 r - a wand of paralysis (18/24)
 s - a wand of enslavement (7/24)
Scrolls
 c - 4 scrolls of fog
 j - 7 scrolls of remove curse
 o - 6 scrolls of teleportation
 x - a scroll of magic mapping
 z - 2 scrolls of identify
 B - a scroll of fear
 G - 2 scrolls of immolation
Potions
 d - 5 potions of might
 k - 4 potions of flight
 q - a potion of ambrosia
 t - 2 potions of mutation
 v - 3 potions of brilliance
 I - a potion of curing
Comestibles
 f - 12 bread rations
 n - 12 meat rations


   Skills:
 * Level 12.0 Fighting
 * Level 18.9 Axes
 * Level 10.9 Armour
 + Level 2.4 Dodging
 + Level 3.0 Stealth
   Level 5.6 Shields
 * Level 7.5 Evocations


You had 12 spell levels left.
You didn't know any spells.

Dungeon Overview and Level Annotations

Branches:
Dungeon (11/15)            Temple (1/1) D:7            Lair (5/6) D:10
  Swamp (0/4) Lair:2       Spider (0/4) Lair:2        Slime (0/5) Lair:5
    Orc (0/2) D:10

Altars:
Cheibriados
Dithmenos
Elyvilon
Fedhas
Kikubaaqudgha
Okawaru
Ru
Vehumet
Xom
The Shining One
Beogh
Jiyva

Shops:
D:7 (


Innate Abilities, Weirdness & Mutations

You are resistant to hostile enchantments. (MR+)
You are resistant to electric shocks. (rElec)


Message History

The azure jelly hits you but does no damage.
The azure jelly hits you.
The azure jelly hits you but does no damage.
The azure jelly closely misses you. The azure jelly hits you!
* * * LOW HITPOINT WARNING * * *
The azure jelly freezes you! You resist.
* * * LOW HITPOINT WARNING * * *
The azure jelly completely misses you.
The azure jelly hits you but does no damage.
Wield which item (- for none, * to show all)? (? for menu, Esc to quit)
Your +5 executioner's axe of flaming bursts into flame!
i - a +5 executioner's axe of flaming (weapon)
You feel much better. The azure jelly hits you.
* * * LOW HITPOINT WARNING * * *
The azure jelly freezes you!!
* * * LOW HITPOINT WARNING * * *
The azure jelly hits you.
* * * LOW HITPOINT WARNING * * *
The azure jelly freezes you!
You die...

##### ##
####.#.### .##
..#......#.##..#
........<.....##
#..###.##.....#
######.#.##
#..J#....#
#>.JJ@...#
#...#...##
######.....
........
♣♣♣♣♣♣.. .


You could see 3 azure jellies.

Vanquished Creatures
  Gastronok (Lair:1)
  An azure jelly (Lair:5)
  Snorg (Lair:3)
  Erolcha (D:10)
  Fannar (Lair:2)
  A hydra (Lair:4)
  Erica (D:10)
  Sonja (D:10)
  A deep elf mage (D:8)
  Pikel (D:6)
  An oklob plant (Lair:4)
  6 elephants (Lair:4)
  A centaur zombie (D:10)
  2 gargoyles (D:10)
  7 spiny frogs
  A kobold demonologist (D:9)
  2 rime drakes
  3 komodo dragons
  A troll (D:9)
  7 blink frogs
  6 hippogriffs
  3 redbacks
  A spriggan (D:7)
  23 yaks
  A basilisk (Lair:4)
  A hungry ghost (D:8)
  4 chaos spawn (D:8)
  Edmund (D:6)
  Menkaure (D:7)
  3 swamp worms
  2 hell hounds (D:10)
  A soldier ant (shapeshifter) (D:8)
  5 water moccasins
  Duvessa (D:6)
  4 ice beasts
  6 porcupines
  A phantom (D:8)
  5 orc warriors
  2 black bears
  5 sky beasts
  6 ogres
  3 wolves (Lair:1)
  2 centaurs
  9 crocodiles
  11 big kobolds
  13 bullfrogs
  A gnoll sergeant (D:8)
  Dowan (D:6)
  7 scorpions
  12 killer bees
  A howler monkey (D:10)
  3 electric eels
  5 crimson imps
  2 bullfrog zombies
  2 quasits
  2 hounds
  10 orc wizards
  10 orc priests
  3 bullfrog skeletons
  5 centaur skeletons
  2 iguanas
  8 worker ants
  A killer bee zombie (D:9)
  3 hound skeletons
  A hound zombie (D:5)
  13 mummies (Ossuary)
  A worker ant zombie (D:9)
  A howler monkey zombie (D:9)
  14 adders
  12 gnolls
  2 shadow imps (D:6)
  2 oozes
  An adder skeleton (D:8)
  2 worms
  2 dart slugs
  5 leopard geckos
  38 orcs
  3 ball pythons
  5 giant cockroaches
  7 goblins
  11 hobgoblins
  6 jackals
  3 quokkas
  4 bats
  6 frilled lizards (D:2)
  2 gnoll skeletons (Ossuary)
  3 goblin skeletons (Ossuary)
  23 kobolds
  2 kobold skeletons (Ossuary)
  A leopard gecko zombie (D:9)
  An orc skeleton (Ossuary)
  3 quokka zombies
  9 rats
  11 rat skeletons (Ossuary)
  A butterfly (Lair:2)
  2 fungi (Lair:2)
  A plant (Lair:4)
437 creatures vanquished.

Vanquished Creatures (collateral kills)
  A bullfrog (D:8)
  A gnoll sergeant (D:8)
  A hound (D:8)
  A gnoll (D:8)
4 creatures vanquished.

Vanquished Creatures (others)
  A two-headed ogre (D:8)
  A shadow (D:8)
  An orc warrior (D:8)
  A black bear (D:8)
  A bullfrog (D:8)
  A big kobold (D:8)
  2 howler monkeys (D:8)
  A gnoll (D:8)
  An adder (D:8)
  A leopard gecko (D:6)
  An orc (D:8)
  3 fungi (Lair:4)
  2 plants (Lair:4)
17 creatures vanquished.

Grand Total: 458 creatures vanquished

Notes
Turn   | Place    | Note
-------+----------+-------------------------------------------
     0 | D:1      | homeworkjunkie the Hill Orc Fighter began the quest for the Orb.
     0 | D:1      | Reached XP level 1. HP: 19/19 MP: 1/1
    65 | D:2      | Reached skill level 3 in Axes
    65 | D:2      | Reached XP level 2. HP: 27/27 MP: 2/2
   447 | D:3      | Reached XP level 3. HP: 33/33 MP: 3/3
   550 | D:4      | Noticed an ogre
   664 | D:3      | Reached XP level 4. HP: 40/40 MP: 4/4
   670 | D:3      | Reached skill level 4 in Axes
  1039 | D:4      | Killed an ogre
  1039 | D:4      | Reached XP level 5. HP: 32/46 MP: 5/5
  1179 | D:3      | Reached skill level 5 in Axes
  1312 | D:3      | Gained mutation: You are resistant to electric shocks. (rElec) [potion of mutation]
  1312 | D:3      | Gained mutation: You are resistant to hostile enchantments. (MR+) [potion of mutation]
  1675 | D:2      | Reached XP level 6. HP: 53/53 MP: 6/6
  2451 | D:5      | Entered Level 5 of the Dungeon
  2574 | D:4      | Reached skill level 6 in Axes
  2734 | D:4      | Reached XP level 7. HP: 47/60 MP: 5/7
  2748 | D:4      | Reached skill level 5 in Shields
  3014 | D:4      | Reached skill level 5 in Fighting
  3014 | D:4      | Reached skill level 7 in Axes
  3078 | D:5      | Reached skill level 5 in Armour
  3078 | D:5      | Reached skill level 1 in Evocations
  3340 | D:5      | You fall through a shaft!
  3413 | D:7      | Reached XP level 8. HP: 37/68 MP: 4/9
  3416 | D:7      | Reached skill level 8 in Axes
  3466 | D:7      | Found Jephiam's Weapon Shoppe.
  3514 | D:7      | Found a staircase to the Ecumenical Temple.
  3516 | D:7      | Found a sand-covered staircase.
  3521 | Ossuary  | Entered an ossuary
  3687 | Ossuary  | Reached skill level 1 in Stealth
  4236 | Temple   | Entered the Ecumenical Temple
  4265 | Temple   | Became a worshipper of Warmaster Okawaru
  4289 | D:7      | Identified a scroll of acquirement
  4411 | D:7      | Noticed Menkaure
  4414 | D:7      | Killed Menkaure
  4454 | D:6      | Noticed Edmund
  4459 | D:6      | Killed Edmund
  4459 | D:6      | Reached skill level 9 in Axes
  4468 | D:6      | Noticed Dowan
  4472 | D:6      | Noticed Duvessa
  4476 | D:6      | Killed Duvessa
  4476 | D:6      | Reached * piety under Okawaru
  4479 | D:6      | Killed Dowan
  4506 | D:6      | Reached XP level 9. HP: 37/75 MP: 6/10
  4616 | D:6      | Reached skill level 10 in Axes
  4847 | D:6      | Found a glowing golden altar of the Shining One.
  4898 | D:6      | Reached skill level 1 in Dodging
  4967 | D:6      | Noticed Pikel
  4975 | D:6      | Killed Pikel
  4975 | D:6      | Reached ** piety under Okawaru
  4975 | D:6      | Reached skill level 11 in Axes
  5922 | D:7      | Reached skill level 12 in Axes
  6219 | D:8      | Reached XP level 10. HP: 59/86 MP: 12/12
  6382 | D:8      | Noticed a black mamba
  6386 | D:8      | a black mamba changed into a soldier ant
  6407 | D:8      | Noticed a two-headed ogre
  6408 | D:8      | Noticed a deep elf mage
  6444 | D:8      | Reached *** piety under Okawaru
  6470 | D:8      | Reached skill level 13 in Axes
  6473 | D:8      | Killed a deep elf mage
  6898 | D:8      | Reached **** piety under Okawaru
  6906 | D:8      | Reached skill level 14 in Axes
  7119 | D:8      | Reached XP level 11. HP: 95/95 MP: 14/14
  7145 | D:8      | Found a shimmering altar of Xom.
  7242 | D:8      | Found a shimmering altar of Xom.
  7252 | D:8      | Received a gift from Okawaru
  7738 | D:9      | Reached skill level 5 in Evocations
  7755 | D:9      | Reached ***** piety under Okawaru
  8008 | D:9      | Reached skill level 15 in Axes
  8293 | D:10     | Entered Level 10 of the Dungeon
  9036 | D:9      | Received a gift from Okawaru
  9037 | D:9      | Got a slimy scale mail {god gift}
  9048 | D:9      | Identified the +3 scale mail of Hopscotch {rPois rC+ rN+++} (Okawaru gifted it to you on level 9 of the Dungeon)
  9142 | D:10     | Noticed Erolcha
  9150 | D:10     | Killed Erolcha
  9518 | D:10     | Noticed Erica
  9529 | D:10     | Killed Erica
  9529 | D:10     | Reached skill level 16 in Axes
  9589 | D:10     | Noticed Sonja
  9615 | D:10     | Killed Sonja
  9846 | D:10     | Found a roughly hewn altar of Beogh.
  9846 | D:10     | Found a staircase to the Orcish Mines.
  9859 | D:10     | Reached XP level 12. HP: 61/105 MP: 9/16
 10119 | D:10     | Found a staircase to the Lair.
 10713 | Lair:1   | Entered Level 1 of the Lair of Beasts
 10725 | Lair:1   | Reached skill level 17 in Axes
 11142 | Lair:1   | Reached skill level 10 in Fighting
 11275 | Lair:1   | Received a gift from Okawaru
 11280 | Lair:1   | Got a slimy broad axe {god gift}
 11589 | Lair:1   | Identified the +4 broad axe of Internal Strife {chop, +Inv rC+ Int+4} (Okawaru gifted it to you on level 1 of the Lair of Beasts)
 11779 | Lair:1   | Noticed Gastronok
 11794 | Lair:1   | Killed Gastronok
 11794 | Lair:1   | Reached skill level 10 in Armour
 12698 | Lair:2   | Noticed Fannar
 12714 | Lair:2   | Killed Fannar
 12714 | Lair:2   | Reached skill level 18 in Axes
 12965 | Lair:2   | Reached XP level 13. HP: 108/114 MP: 16/18
 12989 | Lair:2   | Reached ****** piety under Okawaru
 13039 | Lair:2   | Found a hole to the Spider Nest.
 13542 | Lair:2   | Found a staircase to the Swamp.
 13735 | Lair:3   | Noticed Snorg
 13743 | Lair:3   | Killed Snorg
 13941 | Lair:4   | Received a gift from Okawaru
 13970 | Lair:4   | Got a brightly glowing war axe {god gift}
 13971 | Lair:4   | Identified the +3 war axe "Luahudd" {speed, Int+3 Dex+4} (Okawaru gifted it to you on level 4 of the Lair of Beasts)
 14803 | Lair:5   | Found a runed door.
 14804 | Lair:5   | Found a viscous altar of Jiyva.
 14804 | Lair:5   | Found a staircase to the Slime Pits.
 14804 | Lair:5   | Noticed an azure jelly
 14804 | Lair:5   | Noticed an azure jelly
 14804 | Lair:5   | Noticed an azure jelly
 14805 | Lair:5   | Noticed an azure jelly
 14812 | Lair:5   | Killed an azure jelly
 14823 | Lair:5   | HP: 5/118 [azure jelly (3)]
 14823 | Lair:5   | Mangled by an azure jelly

Skill      XL: |  1  2  3  4  5  6  7  8  9 10 11 12 13 |
---------------+----------------------------------------+-----
Axes           | 3 4 5 6 7 9 12 14 16 18 | 18.9
Shields        | 4 5 |  5.6
Fighting       | 4 5 6 7 8 9 10 12 | 12.0
Armour         | 4 5 6 7 8 9 10 | 10.9
Evocations     | 1 2 3 4 5 6 7 |  7.5
Stealth        | 1 2 3 |  3.0
Dodging        | 1 2 |  2.4

Action                   |  1- 3 |  4- 6 |  7- 9 | 10-12 | 13-15 || total
-------------------------+-------+-------+-------+-------+-------++-------
Melee: War axe           |    53 |   188 |   155 |       |       ||   396
       Executioner's axe |       |       |   124 |   468 |     4 ||   596
       Broad axe         |       |       |       |    95 |   176 ||   271
Evoke: Wand              |       |       |     4 |    13 |     2 ||    19
  Use: Scroll            |     5 |     6 |    14 |     7 |     4 ||    36
       Potion            |       |     4 |     8 |     8 |     4 ||    24
 Stab: Confused          |       |       |     1 |       |       ||     1
       Paralysed         |       |       |       |     9 |     3 ||    12
  Eat: Fruit             |       |     8 |     5 |       |    11 ||    24
       Royal jelly       |       |     2 |       |     2 |       ||     4
       Chunk             |       |       |     1 |       |       ||     1
       Bread ration      |       |       |     1 |     5 |       ||     6
       Meat ration       |       |       |       |     1 |       ||     1
Armor: Scale mail        |    18 |    79 |    48 |   126 |    88 ||   359
       Plate armour      |       |       |    90 |   352 |       ||   442
Dodge: Dodged            |    14 |    61 |    90 |   339 |    86 ||   590
       Deflected         |       |       |       |       |     1 ||     1
Block: Shield            |    24 |    91 |    53 |       |       ||   168
       Other             |       |       |       |       |     9 ||     9
